Map: [ESL] Goldenaura

Players

DisK - Winner!

  • Race: Protoss Protoss
  • Spawn Location: 12:00

Astrea

  • Race: Protoss Protoss
  • Spawn Location: 5:00

Event: ESL SC2 Masters 2023 Winter (Regional)

VOD

Have the link to the VOD?

Description

Time

  • Played on: Oct. 29, 2023, 1:32 p.m.
  • Length: 5:06

All games in this series

Show
View Real Time Build Order
Export as new Build Order

DisK Protoss - Winner!

Build Orders:  

Get SALT Encoding   

  12  0:00  Probe  
  13  0:12  Probe  
  14  0:17  Pylon  
  14  0:24  Probe  
  15  0:35  Gateway  
  15  0:37  Probe (Chrono Boost)  
  16  0:46  Probe (Chrono Boost)  
  16  0:47  Assimilator  
  17  0:51  Probe (Chrono Boost)  
  17  0:55  Assimilator  
  18  1:03  Probe (Chrono Boost)  
  19  1:08  Gateway  
  19  1:14  Probe (Chrono Boost)  
  20  1:19  Probe  
  21  1:26  Cybernetics Core  
  21  1:31  Probe  
  22  1:35  Pylon  
  22  1:43  Probe  
  23  1:47  Pylon  
  23  2:03  Pylon  
  23  2:05  Probe, Stalker  
  26  2:09  Warp Gate (Chrono Boost)  
  26  2:10  Stalker  
  28  2:22  Pylon  
  28  2:35  Pylon  
  28  2:38  Stalker  
  28  2:42  Stalker  
  31  2:53  Gateway  
  31  3:01  Gateway  
  31  3:22  Shield Battery  
  31  3:31  Pylon  
  31  3:45  Stalker x2  
  31  3:47  Stalker  
  28  4:02  Stalker  
  30  4:13  Stalker  
  30  4:15  Stalker  
  34  4:38  Stalker  
  32  4:54  Stalker x2  
Show
View Real Time Build Order
Export as new Build Order

Astrea Protoss 

Build Orders: Oracle Opening 

Get SALT Encoding   

  12  0:00  Probe  
  13  0:12  Probe  
  14  0:19  Pylon  
  14  0:24  Probe  
  15  0:37  Probe (Chrono Boost)  
  15  0:39  Gateway  
  16  0:46  Probe (Chrono Boost)  
  16  0:48  Assimilator  
  17  0:51  Probe (Chrono Boost)  
  18  0:59  Assimilator  
  18  1:03  Probe (Chrono Boost)  
  19  1:06  Pylon  
  19  1:15  Probe (Chrono Boost)  
  20  1:20  Probe (Chrono Boost)  
  21  1:26  Cybernetics Core  
  21  1:29  Probe  
  22  1:33  Pylon  
  22  1:45  Probe  
  25  1:57  Probe  
  26  2:02  Stalker (Chrono Boost)  
  26  2:03  Warp Gate  
  26  2:09  Probe  
  27  2:23  Probe, Stalker (Chrono Boost)  
  27  2:27  Stargate  
  30  2:35  Probe  
  31  2:53  Stalker  
  33  2:58  Shield Battery  
  33  3:08  Oracle (Chrono Boost)  
  36  3:14  Robotics Facility  
  36  3:17  Pylon  
  36  3:25  Probe  
  36  3:30  Gateway  
  36  3:34  Shield Battery  
  39  3:57  Stalker  
  38  4:10  Probe  
  38  4:11  Shield Battery  
  38  4:15  Pylon  
  38  4:20  Pylon  
Tags
 
Add a new tag
Caveats
  • Supply blocks, unpowered buildings, or Contaminate may cause inaccurate times.
  • Supply counts are checked every 10 seconds.